 Dungeon Crawl Stone Soup version 0.31-a0-435-g2c6fae2916 (webtiles) character file.

Game seed: 1760554824506594996

539 randomguy2701 the Covered (level 7, 61/61 HPs)
             Began as a Minotaur Fighter on Aug 2, 2023.
             Quit the game on level 4 of the Dungeon.
             The game lasted 00:03:25 (2916 turns).

randomguy2701 the Covered (Minotaur Fighter)        Turns: 2916, Time: 00:03:25

Health: 61/61      AC:  7    Str: 19 (20) XL:     7   Next: 5%
Magic:  6/6        EV:  9    Int:  2 (5)  God:
Gold:   240        SH:  5    Dex: 10 (12) Spells: 6/6 levels left

rFire   . . .        a - +0 long sword
rCold   . . .        c - +0 buckler
rNeg    . . .        b - +0 scale mail
rPois   .            (helmet restricted)
rElec   .            (no cloak)
rCorr   .            (no gloves)
SInv    .            (no boots)
Will    .....        (no amulet) Stlth
                     (no ring)
HPRegen 0.30/turn    (no ring)
MPRegen 0.10/turn

%: no passive effects
@: no status effects
A: horns 2, retaliatory headbutt
a: no special abilities


You were on level 4 of the Dungeon.
You visited 1 branch of the dungeon, and saw 4 of its levels.

You collected 240 gold pieces.

Inventory:

Hand Weapons
 a - a +0 long sword (weapon)
Armour
 b - a +0 scale mail (worn)
 c - a +0 buckler (worn)
Jewellery
 m - an amulet of magic regeneration
 n - a ring of protection from fire
 o - a ring of willpower
Wands
 l - a wand of paralysis (4)
Scrolls
 f - a scroll of fear {unknown}
 h - 3 scrolls of identify {unknown}
 i - a scroll of brand weapon {unknown}
 j - a scroll of teleportation {unknown}
 r - a scroll of amnesia {unknown}
 s - a scroll of blinking {unknown}
Potions
 d - a potion of might
 e - a potion of enlightenment {unknown}
 g - a potion of lignification {unknown}
 k - a potion of brilliance
 q - a potion of heal wounds {unknown}


   Skills:
 + Level 5.0 Fighting
 + Level 5.6 Long Blades
 + Level 5.9 Armour
 + Level 1.5 Dodging
 + Level 0.7 Stealth
 + Level 5.0 Shields


You had 6 spell levels left.
You didn't know any spells.
Your spell library was empty.

Dungeon Overview and Level Annotations

Branches:
Dungeon (4/15)
 Temple: D:4-7

Altars:
Qazlal
Zin
The Shining One

Shops:
D:4 *


Innate Abilities, Weirdness & Mutations

You have a pair of horns on your head.
You reflexively headbutt those who attack you in melee.


Message History

You are no longer poisoned.
You block the bat's attack.
The bat is caught in a web!
The bat pulls away from the web.
The bat hits you but does no damage. You block the bat's attack.
You hit the bat but do no damage. Your headbutt misses the bat.
The bat hits you but does no damage.
The bat evades a web.
You barely miss the bat. Your headbutt misses the bat.
The bat closely misses you. You furiously retaliate!
You headbutt the bat.
You are caught in the web!
The bat completely misses you. You furiously retaliate!
You headbutt the bat, but do no damage.
There is a web here.
You struggle to detach yourself from the web.
The bat hits you. The bat barely misses you. You furiously retaliate!
You headbutt the bat.
You kill the bat!
You disentangle yourself.
Found a morningstar and two maces.
You see here a -2 mace.
You see here a bat corpse.
You are caught in the web!
There is a web, spattered with blood here.
Things that are here:
a bat corpse; a bat corpse; a bat corpse You struggle to detach yourself from the web.
You struggle to detach yourself from the web.
You disentangle yourself.
You are caught in the web!
There is a web, spattered with blood here.
You disentangle yourself.
Found two stone staircases leading up.
Found a short sword.
You see here a +0 short sword.
Found Yfij's General Store.
Found a leather armour.
No target in view!
No target in view!
No target in view!
No target in view!
There is an entrance to Yfij's General Store here.
Are you sure you want to abandon this character and quit the game? (Confirm with "yes".)

##...## #.##.# ###
# #..#.#
#..#.##########
####.#
###............
### #############
#.####.....<.
#.........<..
#.####.######
######.####.######
#@..........).....
#$################
#[# #.# #.# ..#
... ..#


There were no monsters in sight!

Vanquished Creatures
  A bullfrog (D:4)
  2 scorpions (D:4)
  A howler monkey (D:4)
  3 hounds
  2 iguanas (D:4)
  7 adders
  2 gnolls
  A worm (D:2)
  2 dart slugs
  3 orcs
  13 bats
  8 endoplasms
  5 giant cockroaches
  2 goblins (D:2)
  9 hobgoblins
  6 jackals
  7 quokkas (D:3)
  8 frilled lizards
  7 kobolds
  5 rats
94 creatures vanquished.

Notes
Turn   | Place    | Note
-------+----------+-------------------------------------------
     0 | D:1      | randomguy2701 the Minotaur Fighter began the quest for the
                  | Orb.
     0 | D:1      | Reached XP level 1. HP: 19/19 MP: 0/0
   257 | D:1      | Reached XP level 2. HP: 27/27 MP: 1/1
   327 | D:1      | Reached XP level 3. HP: 33/33 MP: 2/2
   576 | D:2      | Reached XP level 4. HP: 29/41 MP: 3/3
  1575 | D:3      | Reached XP level 5. HP: 47/47 MP: 4/4
  1824 | D:3      | Reached skill level 5 in Armour
  1910 | D:3      | Found a glowing silver altar of Zin.
  1915 | D:3      | Found a stormy altar of Qazlal.
  1916 | D:3      | Found a glowing golden altar of the Shining One.
  2087 | D:3      | Reached skill level 1 in Dodging
  2422 | D:4      | Reached XP level 6. HP: 34/53 MP: 5/5
  2424 | D:4      | Reached skill level 5 in Long Blades
  2482 | D:4      | Reached skill level 5 in Shields
  2703 | D:4      | Reached skill level 5 in Fighting
  2703 | D:4      | Reached XP level 7. HP: 27/61 MP: 6/6
  2909 | D:4      | Found Yfij's General Store.
  2916 | D:4      | Quit the game

Illustrated notes

Levels and vault maps discovered:
D:1:      dpeg_arrival_another_circle, layout_rooms
D:2:      layout_loops_ring, minmay_fractal_squares_gapless_5
D:3:      layout_loops_corners, minitemple, gup_sewer_entry_pipe,
          cheibrodos_gnoll_hut
D:4:      old_forge, layout_loops_ring, serial_shops, shop

Skill      XL: |  1  2  3  4  5  6 |
---------------+-------------------+-----
Armour         | 4 5 |  5.9
Fighting       | 4 5 |  5.0
Shields        | 4 5 |  5.0
Long Blades    | 3 4 5 |  5.6
Dodging        | 1 |  1.5
Stealth        | |  0.7

Action                     |  1- 3 |  4- 6 |  7- 9 || total
---------------------------+-------+-------+-------++-------
  Melee: Long sword        |    64 |   190 |     4 ||   258
         Headbutt          |     6 |    26 |       ||    32
    Use: Potion            |       |     3 |       ||     3
 Armour: Scale mail        |    51 |    82 |     2 ||   135
  Dodge: Dodged            |    42 |    86 |     4 ||   132
  Block: Buckler           |    15 |    42 |     4 ||    61

Table legend: (Time is in decaauts)
 A = Elapsed time spent in this place.
 B = Non-inter-level travel time spent in this place.
 C = Inter-level travel time spent in this place.
 D = Time resting spent in this place.
 E = Time spent auto-exploring this place.
 F = Levels seen in this place.
 G = Mean time per level.
                   A        B        C        D        E       F      G
               +--------+--------+--------+--------+--------+-----+--------+
         Total |   2984 |   2858 |    126 |      0 |   2303 |   4 |  746.0 |
       Dungeon |   2984 |   2858 |    126 |      0 |   2303 |   4 |  746.0 |
               +--------+--------+--------+--------+--------+-----+--------+

Top non-repeatable levels by time:
     D:3: 1093 daAuts
     D:2: 791 daAuts
     D:4: 561 daAuts
     D:1: 537 daAuts
